 Dungeon Crawl Stone Soup version 0.31-a0-14-gc80a10f4b6 (webtiles) character file.

Game seed: 15609390750419653399

460 Morbidden the Ruffian (level 6, -1/57 HPs)
             Began as a Troll Transmuter on May 8, 2023.
             Was an Initiate of Cheibriados.
             Slain by an ogre
             ... wielding a +0 giant club
              (16 damage)
             ... on level 4 of the Dungeon.
             The game lasted 00:03:28 (3557 turns).

Morbidden the Ruffian (Troll Transmuter)            Turns: 3557, Time: 00:03:29

Health: -1/57      AC:  5    Str: 26    XL:     6   Next: 78%
Magic:  6/8        EV: 10    Int: 12    God:    Cheibriados [......]
Gold:   187        SH:  0    Dex: 11    Spells: 6/9 levels left

rFire   . .          .
                       - Unarmed
rCold   . . .        (no shield)
rNeg    . . .        a - +0 robe
rPois   +            (helmet currently unavailable)
rElec   .            d - +0 cloak
rCorr   .            (gloves unavailable)
SInv    .            (boots unavailable)
Will    .....        (no amulet)
Stlth   +            g - ring of poison resistance
HPRegen 1.09/turn    j - +6 ring of strength
MPRegen 0.11/turn

%: no passive effects
@: appendages (expiring), wereblooded, very slow
A: horns 2, talons 2, large, unfitting armour, claws 3, regeneration 1, shaggy
fur 1, tough skin 1
a: End Transformation, Renounce Religion


You were on level 4 of the Dungeon.
You worshipped Cheibriados.
Cheibriados was noncommittal.
You had temporarily grown beastly horns and talons.
You visited 2 branches of the dungeon, and saw 5 of its levels.

You collected 187 gold pieces.

Inventory:

Missiles
 k - 26 stones
 y - 5 poisoned darts
Armour
 a - a +0 robe (worn)
 d - a +0 cloak (worn)
Jewellery
 g - a ring of poison resistance (left claw)
 j - a +6 ring of strength (right claw)
 t - an amulet of faith
Wands
 r - a wand of roots (8)
Scrolls
 c - 2 scrolls of magic mapping {unknown}
 f - a scroll of noise {unknown}
 i - 3 scrolls of identify {unknown}
 l - a scroll of blinking {unknown}
 n - 2 scrolls of teleportation {unknown}
 p - a scroll of enchant weapon {unknown}
 v - a scroll of silence {unknown}
 w - a scroll of fear {unknown}
Potions
 b - 3 potions of lignification
 e - a potion of flight {unknown}
 h - a potion of might {unknown}
 m - a potion of berserk rage {unknown}
 o - a potion of ambrosia {unknown}
 q - a potion of curing {unknown}
 s - 2 potions of brilliance {unknown}
 u - a potion of haste {unknown}
 x - a potion of cancellation {unknown}


   Skills:
 * Level 2.1 Fighting
 * Level 1.3 Armour
 * Level 2.5 Dodging
 + Level 0.1 Stealth
 * Level 4.8 Unarmed Combat
 * Level 2.2 Spellcasting
 * Level 2.6 Transmutations


You had 6 spell levels left.
You knew the following spells:

 Your Spells              Type           Power      Damage    Failure   Level
a - Beastly Appendage     Tmut           14%        N/A       9%          1
b - Wereblood             Tmut           7%         N/A       14%         2

Your spell library contained the following spells:

 Spells                   Type           Power      Damage    Failure   Level
 Summon Small Mammal      Summ           4%         N/A       26%         1
 Ensorcelled Hibernation  Hex/Ice        2%         N/A       38%         2
 Sublimation of Blood     Necr           1%         N/A       38%         2
 Spider Form              Tmut/Pois      4%         N/A       43%         3
 Call Canine Familiar     Summ           1%         N/A       63%         3
 Inner Flame              Hex/Fire       1%         N/A       63%         3
 Summon Guardian Golem    Hex/Summ       1%         N/A       63%         3
 Ice Form                 Ice/Tmut       4%         N/A       83%         4
 Anguish                  Hex/Necr       0%         N/A       95%         4
 Flame Wave               Conj/Fire      1%         2d4       95%         4
 Sticky Flame             Conj/Fire      1%         2d3       95%         4
 Yara's Violent Unravell  Hex/Tmut       2%         3d3       99%         5
 Enfeeble                 Hex            0%         N/A       100%        7
 Summon Hydra             Summ           0%         N/A       100%        7


Dungeon Overview and Level Annotations

Branches:
Dungeon (4/15)             Temple (1/1) D:4

Altars:
Cheibriados
Dithmenos
Elyvilon
Gozag
Hepliaklqana
Makhleb
Nemelex Xobeh
Okawaru
Qazlal
Uskayaw
Zin
The Shining One


Innate Abilities, Weirdness & Mutations

You have temporarily grown beastly horns and talons.
You are too large for most types of armour.
You have claws for hands.
Your natural rate of healing is unusually fast.
You are covered in fur. (AC +1)
You have tough skin. (AC +1)


Message History

Your blood is infused with primal strength.
The scorpion closely misses you.
Unknown command.
You claw the scorpion! You claw the scorpion.
You feel a bit better.
You kill the scorpion!
Cheibriados thoroughly appreciates the change of pace.
You howl as the wereblood boils in your veins!
The gnoll sergeant closely misses you.
You barely miss the giant cockroach. The giant cockroach barely misses you.
The gnoll sergeant hits you from afar with a +0 heavy spear.
The giant cockroach bites you but does no damage.
Unknown command.
You scratch the giant cockroach. You claw the giant cockroach.
Your headbutt misses the giant cockroach.
The giant cockroach is almost dead.
The giant cockroach misses you.
You claw the giant cockroach!
You feel a bit better.
You kill the giant cockroach!
Cheibriados appreciates the change of pace.
The gnoll sergeant hits you from afar with a +0 heavy spear!
Unknown command.
You barely miss the ogre.
The ogre hits you with a +0 giant club!!
* * * LOW HITPOINT WARNING * * *
Unknown command.
You are too injured to fight recklessly!
Unknown command.
You are too injured to fight recklessly!
Unknown command.
You are too injured to fight recklessly!
Unknown command.
Unknown command.
Your transformation is almost over.
Unknown command.
Unknown command.
You scratch the ogre. You claw the ogre! You headbutt the ogre!
The ogre is almost dead.
You howl as the wereblood boils in your veins!
The ogre hits you with a +0 giant club!
You die...

###...##
########............###
#...###
#.....................#
...##
#.####.....####.......#
.###
#.#!.##...##..#......## ##
#.#...##.##...#.#.#### #
#.##...#.#...##.#.# #
#..##g†#.#).##..#.# ##
###...###O..###...#.# .#
###.......@.8.........# .#
##.......###...###...### .#
##.......##.)#.#†.##..# ##
##.......##..)#.#...##.# #
##........#...##.##...#.# #
#.........#).##...##.[#.#
###.........####.....####.#
..#.......................#
...................#.######


You could see an ogre.

Vanquished Creatures
  2 scorpions (D:4)
  A jelly (D:4)
  A hound (D:4)
  A sleepcap (D:4)
  Jessica (D:2)
  An orc wizard (D:4)
  An iguana (D:4)
  5 gnolls (D:4)
  4 adders (D:2)
  A worm (D:2)
  6 dart slugs
  6 orcs
  4 ball pythons
  4 endoplasms
  3 giant cockroaches
  6 goblins
  6 hobgoblins
  9 jackals
  4 quokkas
  8 bats
  12 kobolds
  3 rats
89 creatures vanquished.

Vanquished Creatures (others)
  5 toadstools (D:1)
5 creatures vanquished.

Grand Total: 94 creatures vanquished

Notes
Turn   | Place    | Note
-------+----------+-------------------------------------------
     0 | D:1      | Morbidden the Troll Transmuter began the quest for the Orb.
     0 | D:1      | Reached XP level 1. HP: 18/18 MP: 1/1
    90 | D:1      | Reached XP level 2. HP: 24/26 MP: 2/2
   343 | D:1      | Reached skill level 1 in Fighting
   526 | D:1      | Reached XP level 3. HP: 33/33 MP: 4/4
   759 | D:2      | Reached skill level 4 in Unarmed Combat
   759 | D:2      | Reached XP level 4. HP: 41/41 MP: 5/5
   964 | D:2      | Noticed Jessica
   968 | D:2      | Killed Jessica
  1080 | D:2      | Learned a level 2 spell: Wereblood
  2467 | D:4      | Reached XP level 5. HP: 49/49 MP: 2/6
  3086 | D:4      | Reached skill level 1 in Armour
  3086 | D:4      | Reached XP level 6. HP: 54/57 MP: 3/8
  3177 | D:4      | Found a staircase to the Ecumenical Temple.
  3268 | Temple   | Entered the Ecumenical Temple
  3294 | Temple   | Became a worshipper of Cheibriados the Contemplative
  3557 | D:4      | Slain by an ogre

Illustrated notes

Levels and vault maps discovered:
D:1:      ldierk_walled_garden, layout_loops_ring, minmay_pentomino_p2
D:2:      layout_basic, uniq_jessica
D:3:      layout_basic
D:4:      cheibrodos_barr_body, layout_cave_pods, temple_green
Temple:   nicolae_temple_bog_church

Skill      XL: |  1  2  3  4  5  6 |
---------------+-------------------+-----
Fighting       | 1 2 |  2.1
Unarmed Combat | 4 |  4.8
Transmutations | 2 |  2.6
Dodging        | 2 |  2.5
Spellcasting   | 2 |  2.2
Armour         | 1 |  1.3
Stealth        | |  0.1

Action                     |  1- 3 |  4- 6 || total
---------------------------+-------+-------++-------
  Melee: Unarmed           |    64 |   111 ||   175
         Kick              |     3 |    16 ||    19
         Headbutt          |     1 |     8 ||     9
         Punch             |     1 |     3 ||     4
   Cast: Beastly Appendage |     3 |    21 ||    24
         Wereblood         |       |    13 ||    13
   Stab: Sleeping          |     1 |     1 ||     2
 Armour: Robe              |    34 |    53 ||    87
  Dodge: Dodged            |    22 |    77 ||    99

Table legend: (Time is in decaauts)
 A = Elapsed time spent in this place.
 B = Non-inter-level travel time spent in this place.
 C = Inter-level travel time spent in this place.
 D = Time resting spent in this place.
 E = Time spent auto-exploring this place.
 F = Levels seen in this place.
 G = Mean time per level.
                   A        B        C        D        E       F      G
               +--------+--------+--------+--------+--------+-----+--------+
         Total |   3586 |   3456 |    130 |      0 |   2895 |   5 |  717.2 |
       Dungeon |   3546 |   3428 |    118 |      0 |   2891 |   4 |  886.5 |
        Temple |     40 |     28 |     12 |      0 |      4 |   1 |   40.0 |
               +--------+--------+--------+--------+--------+-----+--------+

Top non-repeatable levels by time:
     D:4: 1072 daAuts
     D:2: 956 daAuts
     D:3: 890 daAuts
     D:1: 626 daAuts
  Temple: 40 daAuts
